[Event "Live Chess"]
[Site "Chess.com"]
[Date "2023.05.21"]
[Round "-"]
[White "raminguy"]
[Black "Brooms1989"]
[Result "1-0"]
[WhiteElo "1967"]
[BlackElo "1106"]
[TimeControl "300"]
[EndTime "16:48:08 PDT"]
[Termination "raminguy won by resignation"]

1. d4 Nf6 2. Nc3 g6 3. Bf4 Bg7 4. Qd2 O-O 5. Bh6 d6 6. h4 Nbd7 7. h5 Bxh6 8. Qxh6 Nb6 9. hxg6 fxg6 10. O-O-O Rf7 11. Nf3 Qf8 12. Qh4 Bg4 13. Ng5 Rg7 14. f3 Be6 15. Nxe6 1-0

[Event "Live Chess"]
[Site "Chess.com"]
[Date "2023.05.21"]
[Round "-"]
[White "manthanit"]
[Black "therealab0ne"]
[Result "1-0"]
[WhiteElo "1041"]
[BlackElo "708"]
[TimeControl "300"]
[EndTime "16:48:13 PDT"]
[Termination "manthanit won on time"]

1. e4 c5 2. Nf3 Nc6 3. Bc4 e6 4. O-O Nf6 5. Nc3 d5 6. exd5 exd5 7. Bb5 Bd6 8. Re1+ Be7 9. d3 O-O 10. Bxc6 bxc6 11. h3 d4 12. Ne2 Bd7 13. c3 dxc3 14. bxc3 Qc8 15. Ng3 Bxh3 16. gxh3 Qxh3 17. Nh2 Bd6 18.
Qf3 Rae8 19. Bf4 Rxe1+ 20. Rxe1 Bxf4 21. Qxf4 Nd5 22. Qd6 g5 23. Ne2 Re8 24. Qg3 Rxe2 25. Rxe2 Qxg3+ 26. fxg3 Nxc3 27. Rc2 Nd5 28. Nf3 Ne3 29.
Rxc5 1-0

[Event "Live Chess"]
[Site "Chess.com"]
[Date "2023.05.21"]
[Round "-"]
[White "1600x"]
[Black "Jo1ts"]
[Result "1-0"]
[WhiteElo "1835"]
[BlackElo "792"]
[TimeControl "300"]
[EndTime "16:48:14 PDT"]
[Termination "1600x won by resignation"]

1. e4 d5 2. exd5 Qxd5 3. Nf3 Nf6 4. Be2 e5 5. Nc3 Qe6 6. Bb5+ Bd7 7. Bxd7+ Nbxd7 8.
O-O h6 9. d4 Bd6 10. d5 Qf5 11. Nh4 Qh5 12. Qxh5 Nxh5 13. Nf5 O-O 14. Ne4 Nhf6 15.
Nfxd6 cxd6 16. Nxd6 Nxd5 17. Bd2 b6 18. Rad1 N5f6 19.
Rfe1 Rad8 20. c4 Nc5 21. Bc3 Nfe4 22. Bxe5 Nxd6 23. Bxd6 Ne6 24. Bxf8 Rxf8 25. Rd7 1-0

[Event "Live Chess"]
[Site "Chess.com"]
[Date "2023.05.21"]
[Round "-"]
[White "nigelst"]
[Black "EdenHazard8"]
[Result "0-1"]
[WhiteElo "1786"]
[BlackElo "1994"]
[TimeControl "300"]
[EndTime "16:48:15 PDT"]
[Termination "EdenHazard8 won by resignation"]

1. e4 c6 2. d4 d5 3. exd5 cxd5 4. Nf3 Nc6 5. Bd3 Bg4 6. c3 e6 7.
O-O Bd6 8. h3 Bh5 9. Re1 Nf6 10. g4 Nxg4 11. hxg4 Bxg4 12. Be2 Qf6 13. Bg5 Qg6 14. Qd2 Bxf3 15. Bxf3 h6 16. Bxd5 Qxg5+ 17. Qxg5 hxg5 18. Bg2 O-O-O 19. Nd2 Rh4 20. Ne4 Bf4 21.
Rad1 Ne7 22. Nc5 Nd5 23. c4 b6 24. cxd5 bxc5 25. dxe6 fxe6 26. Rxe6 Rxd4 27. Rxd4 cxd4 28. Rc6+ Kd7 29. Ra6 d3 30. Rxa7+ Bc7 31. Ra3 Rd4 32. Bh3+ g4 33. Bf1 d2 34. Be2 d1=Q+ 35. Bxd1 Rxd1+ 36. Kg2 Rd2 37. b3 g3 38. Ra4 Rxf2+ 39. Kg1 Bb6 40. Kh1 g2+ 41. Kh2 Rxa2 42. Rxa2 g1=Q+ 0-1

[Event "Live Chess"]
[Site "Chess.com"]
[Date "2023.05.21"]
[Round "-"]
[White "fso"]
[Black "grillage"]
[Result "1-0"]
[WhiteElo "2225"]
[BlackElo "1836"]
[TimeControl "300"]
[EndTime "16:48:21 PDT"]
[Termination "fso won by checkmate"]

1. d4 Nf6 2. c4 e6 3. Nc3 Bb4 4. Nf3 c5 5. e3 O-O 6. Bd3 d6 7. O-O Bxc3 8. bxc3 Nc6 9. Qc2 e5 10. Rb1 b6 11. h3 Re8 12. e4 Ba6 13. Bg5 h6 14.
Bh4 g5 15. Bg3 Nh5 16. Bh2 Nf4 17. Bxf4 gxf4 18. a4 Kh8 19. d5 Ne7 20. a5 Rg8 21.
Kh2 Ng6 22. Qa4 Rb8 23. axb6 Rxb6 24. Rxb6 Qxb6 25. Rb1 Qd8 26. Qxa6 Nh4 27. Nxh4 Qxh4 28. Qxd6 Qxf2 29. Qxh6# 1-0

[Event "Live Chess"]
[Site "Chess.com"]
[Date "2023.05.21"]
[Round "-"]
[White "LodeshChess"]
[Black "educatedlad"]
[Result "0-1"]
[WhiteElo "1136"]
[BlackElo "1616"]
[TimeControl "300"]
[EndTime "16:48:34 PDT"]
[Termination "educatedlad won on time"]

1. e4 e6 2. d4 d5 3. e5 c6 4. c3 c5 5. Nf3 Nc6 6. Bd3 cxd4 7.
cxd4 Qb6 8. O-O Bd7 9. a3 Nxd4 10. Nxd4 Qxd4 11. Be3 Qxe5 12. Re1 Bd6 13. g3 Qxb2 14. Nd2 Nf6 15. a4 O-O 16. Rb1 Qc3 17. Nf3 e5 18. Bg5 e4 19. Bxf6 gxf6 20. Rxb7 Bg4 21. Rb3 Qa5 22. Rb5 Qc3 23. Rb3 Qc7 24. Be2 exf3 25. Bxf3 Bxf3 26. Qxf3 Kh8 27. Qxd5 Rg8 28. Re4 Bf8 29.
Rh4 Qc1+ 30. Kg2 Re8 31. Qxf7 Bg7 32. Qh5 h6 33. Qg6 Qg5 34. Qxg5 fxg5 35. Rb7 gxh4 36.
gxh4 Be5+ 37. Kh3 Bd6 0-1

[Event "Live Chess"]
[Site "Chess.com"]
[Date "2023.05.21"]
[Round "-"]
[White "Tushinskiy"]
[Black "SupremeTactician"]
[Result "0-1"]
[WhiteElo "2169"]
[BlackElo "2342"]
[TimeControl "300"]
[EndTime "16:48:40 PDT"]
[Termination "SupremeTactician won on time"]

1. d4 Nf6 2. c3 e6 3. Nf3 c5 4. Bg5 cxd4 5. cxd4 Be7 6. e3 Nc6 7.
Nbd2 d5 8. a3 h6 9. Bh4 Bd7 10.
Bd3 Rc8 11. O-O O-O 12. b4 Ne8 13. Bg3 Bd6 14. Qb3 Bxg3 15. hxg3 Nd6 16. Rac1 Ne7 17. Ne5 Be8 18. Rc2 f6 19. Nef3 Rxc2 20. Bxc2 b5 21. e4 Nc4 22. Re1 Nc6 23. exd5 exd5 24. Qd3 f5 25. Ne5 N6xe5 26. dxe5 Bc6 27. Nf3 g6 28. Nd4 Be8 29. f4 Qb6 30. Kh2 Rf7 31. Nf3 Rh7 32.
Qxd5+ Kh8 33. Bb3 Rd7 34. Qc5 Qxc5 35. bxc5 Nxa3 36. Rc1 a5 37. c6 Rc7 38. Bd5 Nc4 39.
Nd4 Ne3 40. Bf3 Ng4+ 41. Bxg4 fxg4 42. Rc5 b4 43. Rxa5 Bxc6 44. Rc5 b3 45. Nxc6 b2 46. Rb5 Rxc6 47. Rxb2 Kg7 48. Rb7+ Kf8 49. Rh7 h5 50. Ra7 Rc1 51. Ra6 Kf7 52. Rf6+ Kg7 53. Ra6 Kf7 54. Ra7+ Kf8 55. Rb7 Re1 56. Rd7 Rc1 57.
e6 Re1 58. Rf7+ Kg8 59. f5 gxf5 60. Rxf5 Rxe6 61. Rxh5 Re4 62. Kg1 Kf7 63. Rf5+ Ke6 64. Rf4 Ke5 65. Rf8 Rb4 66. Kf2 Rb2+ 67. Kg1 Rb1+ 68. Kh2 Rb4 69. Rf2 Rb1 70. Rf4 Rb6 71. Rxg4 Rh6+ 72. Rh4 Rc6 73. g4 Kf4 74. g3+ Kg5 75.
Kh3 Rc1 76. Rh5+ Kg6 77. Rf5 Rg1 78. Ra5 Kf6 79. g5+ Kg6 80. Kg4 Rc1 81. Ra6+ Kg7 82. Kh5 Rh1+ 83. Kg4 Rb1 84. g6 Rb5 85. Kh4 Rb4+ 86. g4 Rb5 87. g5 Rb2 88. Ra3 Kxg6 89. Ra7 Kf5 90. Kg3 Rb3+ 0-1

[Event "Live Chess"]
[Site "Chess.com"]
[Date "2023.05.21"]
[Round "-"]
[White "smoggyrabbit"]
[Black "LiamClery2020"]
[Result "1-0"]
[WhiteElo "1753"]
[BlackElo "2043"]
[TimeControl "300"]
[EndTime "16:48:50 PDT"]
[Termination "smoggyrabbit won by resignation"]

1. d4 Nf6 2. Nf3 d5 3. e3 e6 4. Bd3 Be7 5. O-O O-O 6. b3 c5 7. Bb2 Nc6 8. Nbd2 cxd4 9. exd4 Bd6 10. Ne5 Qc7 11. f4 Qb6 12. Ndf3 Bd7 13. Kh1 Rac8 14. Nxd7 Nxd7 15. c4 Nb4 16. c5 Bxc5 17. dxc5 Nxc5 18. Bxh7+ Kxh7 19. Ng5+ Kg8 20. Qh5 1-0

[Event "Live Chess"]
[Site "Chess.com"]
[Date "2023.05.21"]
[Round "-"]
[White "Biranidun"]
[Black "NAZRIZ1977"]
[Result "1-0"]
[WhiteElo "2655"]
[BlackElo "2050"]
[TimeControl "300"]
[EndTime "16:48:54 PDT"]
[Termination "Biranidun won by resignation"]

1. e4 c5 2. Nf3 d6 3. d4 cxd4 4. Nxd4 Nf6 5. Nc3 g6 6. Be3 Bg7 7. f3 O-O 8. Qd2 Nc6 9. Bc4 Bd7 10. O-O-O Rc8 11. Bb3 Nxd4 12. Bxd4 b5 13. Nd5 Nxd5 14.
Bxg7 Kxg7 15. exd5 a5 16. a3 Bf5 17. g4 a4 18.
Bxa4 bxa4 19. gxf5 Qc7 20. Qd4+ Kg8 21. Rd2 Rb8 22. Qxa4 Qb6 23. Qd4 Qb5 24. Re1 Rfc8 25. fxg6 hxg6 26. Rxe7 Rc4 27. Qf6 Rf4 28. Qxf4 Qxb2+ 29.
Kd1 Qb1+ 30. Ke2 Qb5+ 31. c4 1-0

[Event "Live Chess"]
[Site "Chess.com"]
[Date "2023.05.21"]
[Round "-"]
[White "ClassyChameleon"]
[Black "Fazer180"]
[Result "1-0"]
[WhiteElo "1072"]
[BlackElo "1745"]
[TimeControl "300"]
[EndTime "16:49:10 PDT"]
[Termination "ClassyChameleon won on time"]

1. e4 e6 2. Nf3 d5 3. d3 c5 4.
exd5 exd5 5. Ne5 Bd6 6. Bf4 Qe7 7. Qe2 Nf6 8. Nc3 O-O 9. O-O-O Re8 10. d4 cxd4 11. Rxd4 Bxe5 12. Bxe5 Qxe5 13. Qxe5 Rxe5 14. Bb5 Nc6 15. Bxc6 bxc6 16. Rhd1 Bf5 17. f4 Re7 18. Na4 Nd7 19. h3 Rae8 20. b3 Re2 21. g4 Bxc2 22. R1d2 Rxd2 23. Kxd2 Be4 24. Nc3 Nc5 25. h4 Ne6 26.
Ra4 Nxf4 27. Rxa7 Ng6 28. h5 Ne5 29. g5 Bf3 30. h6 gxh6 31. gxh6 d4 32. Ne2 Bxe2 33.
Kxe2 Kf8 34. Kd2 Ng4 35. Kd3 c5 36. a4 Nxh6 37. a5 Rb8 38. Kc4 Nf5 39. Kxc5 Rxb3 40.
a6 Rc3+ 41. Kb4 Rc8 42. Rb7 Nd6 43. Rd7 Nf5 44. a7 Kg7 45. Kb5 Ra8 46. Kb6 Ne7 47.
Rxe7 Rd8 48. Kb7 d3 49. a8=Q Rxa8 50. Kxa8 d2 51. Rd7 d1=Q 52. Rxd1 h5 53. Kb7 h4 54. Kc6 Kg6 55. Kd5 Kg5 56. Ke4 f5+ 57. Kf3 h3 58. Kg3 f4+ 59. Kxh3 Kf5 60. Kg2 Ke4 61. Re1+ Kd3 62. Kf3 Kd2 63. Re4 Kd3 64. Rxf4 1-0

[Event "Live Chess"]
[Site "Chess.com"]
[Date "2023.05.21"]
[Round "-"]
[White "Missedidea"]
[Black "luckywookie"]
[Result "1-0"]
[WhiteElo "1815"]
[BlackElo "767"]
[TimeControl "300"]
[EndTime "16:49:11 PDT"]
[Termination "Missedidea won on time"]

1. d4 d5 2. c4 c6 3. Nf3 Bg4 4. Ne5 Bf5 5. Nc3 f6 6. Nf3 e6 7.
Bf4 Nd7 8. cxd5 cxd5 9. e3 Rc8 10. Bb5 Bb4 11. O-O Bxc3 12. bxc3 Ne7 13. Nh4 a6 14.
Nxf5 Nxf5 15. Ba4 b5 16. Bc2 Rxc3 17. Qd2 b4 18. Bxf5 exf5 19. Rac1 Qc8 20. Bd6 Nb6 21. Bxb4 Rxc1 22. Rxc1 Nc4 23. Qd1 Qb7 24. Bc5 Kd7 25. Rb1 Qc6 26. Qf3 Ke6 27. Qg3 g5 28. h4 Rg8 29. hxg5 Rxg5 30. Qh3 h5 31. f4 Rg6 32. Qxh5 Nxe3 33. Qxg6 Qa4 34. Qe8+ Qxe8 35. Rb6+ Kd7 36. Rxa6 Qg8 37. Kf2 Qxg2+ 38. Kxe3 Qe4+ 39. Kd2 1-0

[Event "Live Chess"]
[Site "Chess.com"]
[Date "2023.05.21"]
[Round "-"]
[White "jimwad"]
[Black "karimghalambaz"]
[Result "0-1"]
[WhiteElo "1209"]
[BlackElo "1280"]
[TimeControl "300"]
[EndTime "16:49:54 PDT"]
[Termination "karimghalambaz won by resignation"]

1. c4 c5 2. g3 Nf6 3. Bg2 g6 4.
Nc3 Bg7 5. e3 O-O 6. Nge2 Nc6 7.
O-O a6 8. d4 cxd4 9. exd4 Rb8 10. a3 b5 11. c5 d6 12. b4 dxc5 13. dxc5 Qxd1 14. Rxd1 Bf5 15. Bf4 Rbc8 16. Nd5 Nxd5 17. Bxd5 Bxa1 18. Rxa1 e6 19. Bxc6 Rxc6 20. Nd4 Rcc8 21.
Nxf5 exf5 22. Rc1 Rfe8 23. Kg2 Re2 24. Kf3 Ra2 25. Rc3 Kg7 26. Be5+ f6 27. Bd6 Kf7 28. h4 Ke6 29. Re3+ Kd7 30. Kf4 Re8 31. Rxe8 Kxe8 32. f3 Kd7 33. g4 fxg4 34. fxg4 Rxa3 35. g5 f5 36. h5 Rb3 37. hxg6 hxg6 38. Ke5 Re3+ 39.
Kf6 Re6+ 40. Kf7 Rxd6 41. cxd6 f4 42. Kxg6 f3 43. Kf7 f2 44. g6 f1=Q+ 45. Kg8 Kxd6 46. g7 Ke7 47. Kh8 Qh3+ 48. Kg8 Qg4 49. Kh8 Qh5+ 50. Kg8 Qg6 51. Kh8 Kf7 0-1

[Event "Live Chess"]
[Site "Chess.com"]
[Date "2023.05.21"]
[Round "-"]
[White "ShanthamGrarks"]
[Black "AbilifyXL"]
[Result "0-1"]
[WhiteElo "1995"]
[BlackElo "1951"]
[TimeControl "300"]
[EndTime "16:50:02 PDT"]
[Termination "AbilifyXL won on time"]

1. d4 d5 2. Nc3 c6 3. e4 dxe4 4. f3 Bf5 5. fxe4 Bg6 6. Nf3 Nd7 7. Bd3 e6 8. O-O Ngf6 9. Bg5 Be7 10. e5 Nd5 11.
Bxe7 Qxe7 12. Bxg6 hxg6 13. Ne4 O-O 14. Qe1 c5 15. c3 cxd4 16. cxd4 Rac8 17. Nd6 Rc2 18. b3 Nf4 19. Nd2 Qg5 20. Rxf4 Qxf4 21. Nf3 Nb6 22.
Qd1 Qe3+ 23. Kh1 Qf2 24. Qg1 Rxa2 25. Qxf2 Rxf2 26. Kg1 Rb2 27. Rxa7 Rxb3 28. Rxb7 Rb2 29. Ng5 Nc4 30. Rxf7 Nxd6 31. Rxf8+ Kxf8 32. exd6 Ke8 33. Nxe6 Kd7 34. Nxg7 Kxd6 35. h4 Rd2 36. h5 gxh5 37.
Nxh5 Rxd4 38. Ng3 Ke5 39. Ne2 Rd2 40. Kf2 Ra2 41. Kf3 Kf5 42. g3 Ra3+ 43. Kf2 Kg4 44. Kg2 Ra2 45. Kf2 Rb2 46. Ke3 Rb1 47. Kf2 Ra1 48. Ke3 Rf1 49. Kd3 Kf3 50. Nd4+ Kxg3 51.
Ke4 Re1+ 52. Kd3 Rd1+ 53. Ke3 Ra1 54. Nf5+ Kg4 55. Nh6+ Kg5 56. Nf7+ Kf6 57. Nd6 Ra6 58. Ne4+ Ke5 59. Nc5 Ra3+ 60. Kd2 Kd4 61. Ne6+ Kc4 62. Ng5 Rg3 63. Ne4 Rg2+ 64. Ke3 Kd5 65. Nc3+ Ke5 66. Ne2 Rg8 67. Kf3 Rf8+ 68. Ke3 Re8 69. Kd3 Kd5 70. Nf4+ Kc5 71. Kc3 Re3+ 72. Nd3+ Kb5 73. Kd4 Rh3 74. Nf4 Rh4 75. Ke5 Kc4 76. Ng6 Rh5+ 77. Kf6 Rh1 78. Nf4 Rf1 79. Ke5 Re1+ 80. Kf5 Re8 81. Ng6 Kc5 82.
Kf6 Kd5 83. Nf4+ Ke4 84. Ng6 Rb8 85. Kg5 Rb5+ 86. Kg4 Rb4 87. Ne7 Ke5+ 88. Kg5 Ke6 89. Ng6 Rb5+ 90. Kg4 Kf6 91. Nf4 Rb4 92. Kf3 Kf5 93.
Nd5 Rb3+ 94. Ke2 Ke4 95. Nf6+ Ke5 96. Ng4+ Kf4 97. Nf6 Re3+ 98. Kd2 Re6 0-1

[Event "Live Chess"]
[Site "Chess.com"]
[Date "2023.05.21"]
[Round "-"]
[White "Baturin_Yevgeniy"]
[Black "Olisingapore"]
[Result "1-0"]
[WhiteElo "1800"]
[BlackElo "1818"]
[TimeControl "300"]
[EndTime "16:50:02 PDT"]
[Termination "Baturin_Yevgeniy won by resignation"]

1. d4 Nf6 2. c3 d5 3. Qb3 c5 4. Nf3 Bf5 5. Qxb7 Nbd7 6. dxc5 Nxc5 7. Qc6+ Ncd7 8. Bg5 Rc8 9. Qa4 Qb6 10. Qb3 e6 11. Bxf6 Nxf6 12. e3 Rb8 13. Qa4+ Nd7 14. b4 Qc7 15.
Bb5 Bxb1 16. Bxd7+ Qxd7 17. Qxd7+ Kxd7 18. Rxb1 a5 19. Ne5+ Kd6 20. Nxf7+ Ke7 21. Nxh8 axb4 22. Rxb4 Kf6 23.
Rxb8 1-0

[Event "Live Chess"]
[Site "Chess.com"]
[Date "2023.05.21"]
[Round "-"]
[White "John_Warren"]
[Black "Conradical12"]
[Result "1-0"]
[WhiteElo "1299"]
[BlackElo "1581"]
[TimeControl "300"]
[EndTime "16:50:06 PDT"]
[Termination "John_Warren won by resignation"]

1. e4 e5 2. Nf3 Nc6 3. Bc4 Nf6 4.
Nc3 Nxe4 5. Nxe4 d5 6. Bd3 dxe4 7. Bxe4 f5 8. Bxc6+ bxc6 9. Nxe5 Be7 10. Nxc6 Qd5 11. Nxe7 Qxg2 12. Rf1 Ba6 13. d3 Kxe7 14. Be3 Bc8 15. Qh5 g6 16. Qe2 Kf7 17. O-O-O Re8 18. Qd2 Bb7 19. Qb4 Bf3 20. Qc4+ Bd5 21. Qxc7+ Re7 22.
Qg3 Qxg3 23. hxg3 Rc7 24. b3 Rac8 25. c4 Bf3 26. Rd2 a5 27. d4 a4 28. d5 axb3 29.
axb3 Ra7 30. Rb2 Ra3 31. d6 1-0

[Event "Live Chess"]
[Site "Chess.com"]
[Date "2023.05.21"]
[Round "-"]
[White "Tushinskiy"]
[Black "ExIsambard"]
[Result "1-0"]
[WhiteElo "2172"]
[BlackElo "1930"]
[TimeControl "300"]
[EndTime "16:50:08 PDT"]
[Termination "Tushinskiy won by resignation"]

1. d4 Nf6 2. c3 e5 3. dxe5 Ng4 4.
Nf3 d6 5. Bf4 Nc6 6. exd6 cxd6 7. e3 Be6 8. Nbd2 Qb6 9. Qc2 O-O-O 10. Nc4 Bxc4 11. Bxc4 Re8 12. Qf5+ 1-0

[Event "Live Chess"]
[Site "Chess.com"]
[Date "2023.05.21"]
[Round "-"]
[White "GMHarry-youtube"]
[Black "wot-not"]
[Result "1/2-1/2"]
[WhiteElo "2016"]
[BlackElo "1549"]
[TimeControl "300"]
[EndTime "16:50:13 PDT"]
[Termination "Game drawn - insufficient material"]

1. e4 e6 2. d4 d5 3. e5 c5 4. c3 cxd4 5. cxd4 Nc6 6. Nf3 Nge7 7.
Nbd2 Nf5 8. Nb3 Be7 9. g4 Nh6 10. h3 Bd7 11. Bxh6 gxh6 12. Qd2 Bg5 13. Nxg5 Qxg5 14.
Qxg5 hxg5 15. Kd2 h5 16. Be2 hxg4 17. hxg4 Rxh1 18. Rxh1 O-O-O 19. Rh7 a5 20. Rxf7 a4 21. Nc5 Nxd4 22. Nxd7 Rxd7 23. Rxd7 Kxd7 24. Bd1 b5 25. Ke3 Nc6 26. f4 gxf4+ 27. Kxf4 Nb4 28. Be2 Nxa2 29. Bxb5+ Ke7 30. Bxa4 Nc1 31. b3 Nd3+ 32. Kg5 Nc5 33. Kh6 Kf7 34. g5 Nd3 35. Kh7 Nxe5 36. b4 Ng6 37. b5 Nf8+ 38. Kh6 Nd7 39. Bc2 d4 40. Bh7 e5 41. g6+ Ke7 42. g7 Nf6 43. Kg6 d3 44. g8=Q Nxg8 45. Bxg8 d2 46. Bb3 e4 47.
Bd1 e3 48. Kf5 Kd6 49. Ba4 Kc5 50. Bd1 Kxb5 51. Ke4 Kc4 52. Kxe3 Kc3 53. Ke2 Kb2 54. Ba4 d1=Q+ 55. Bxd1 1/2-1/2

[Event "Live Chess"]
[Site "Chess.com"]
[Date "2023.05.21"]
[Round "-"]
[White "elvenstar"]
[Black "alanmike75"]
[Result "0-1"]
[WhiteElo "1556"]
[BlackElo "1551"]
[TimeControl "300"]
[EndTime "16:50:27 PDT"]
[Termination "alanmike75 won on time"]

1. e4 e5 2. Nf3 d6 3. d4 exd4 4. Bc4 Be7 5. O-O Nf6 6. Re1 O-O 7.
Nxd4 c6 8. Bg5 Nbd7 9. Nc3 Ne5 10. Bb3 h6 11. Bh4 a6 12. Kh1 c5 13. Nf5 c4 14.
Nxe7+ Qxe7 15. Nd5 Qd8 16. Nxf6+ gxf6 17. Qh5 Kg7 18.
Re3 cxb3 19. Rg3+ Kh7 20. axb3 Ng6 21. Rh3 Rh8 22. Rf3 Nxh4 23. Qxh4 Kg7 24. Ra5 Be6 25. Rh5 Kf8 26. Rxf6 Ke8 27. Qf4 Kd7 28. Rfxh6 Rxh6 29. Rxh6 Qe7 30. h3 Rg8 31. Rf6 Rg6 32. Rxg6 fxg6 33. Kh2 Qf7 34. Qe3 Qf6 35. f4 Qxb2 36. Qb6 Qxc2 37.
Qxb7+ Ke8 0-1

[Event "Live Chess"]
[Site "Chess.com"]
[Date "2023.05.21"]
[Round "-"]
[White "xx_blindpuffin_xx"]
[Black "LL220284LL"]
[Result "1-0"]
[WhiteElo "2209"]
[BlackElo "2355"]
[TimeControl "300"]
[EndTime "16:50:31 PDT"]
[Termination "xx_blindpuffin_xx won by resignation"]

1. d4 e6 2. Bf4 Nf6 3. e3 c5 4. c3 b6 5. Nf3 Bb7 6. h3 Be7 7. Be2 O-O 8. O-O Nc6 9. Nbd2 Rc8 10. a4 d5 11. Ne5 Nxe5 12. Bxe5 Bd6 13. Bxd6 Qxd6 14. a5 e5 15. axb6 axb6 16. Nf3 e4 17.
Ne5 Ra8 18. Qd2 Nd7 19. Nxd7 Qxd7 20. dxc5 bxc5 21. b4 Qc7 22. Rfc1 Qb6 23. Rab1 Rfb8 24. c4 dxc4 25. bxc5 Qxc5 26. Bxc4 Qf8 27. Qd7 Bc8 28. Qc7 Rxb1 29. Rxb1 g6 30. Bd5 1-0

[Event "Live Chess"]
[Site "Chess.com"]
[Date "2023.05.21"]
[Round "-"]
[White "JoshMcK"]
[Black "HoarseyHorsey"]
[Result "1-0"]
[WhiteElo "1527"]
[BlackElo "1431"]
[TimeControl "300"]
[EndTime "16:50:39 PDT"]
[Termination "JoshMcK won by resignation"]

1. e4 c5 2. c3 e6 3. Nf3 Nc6 4.
d4 d5 5. exd5 exd5 6. dxc5 Bxc5 7. Bb5 Nf6 8. Qe2+ Be6 9. Ne5 Qc7 10. O-O O-O 11. Nxc6 bxc6 12. Bd3 Rfe8 13. Qd1 Bg4 14. Qc2 Re7 15. h3 Bh5 16. Nd2 Rae8 17. Nb3 Bb6 18. Bg5 Bg6 19. Bxg6 hxg6 20. Bxf6 gxf6 21. Qd3 Qf4 22. Nd4 Bxd4 23. Qxd4 Qxd4 24. cxd4 Re2 25. b3 Rd2 26. Rfd1 Ree2 27. Rac1 Rxf2 28. Rxd2 Rxd2 29.
Rxc6 Rxd4 30. Rxf6 Kf8 31. Ra6 Rd2 32. Rxa7 d4 33. Rd7 Ke8 34. Rd5 Ke7 35. g4 Ke6 36. Rd8 Ke5 37. h4 Rxa2 38. Kf1 Rb2 39. h5 gxh5 40.
gxh5 Rxb3 41. h6 Rh3 42. Rh8 Kf6 43. h7 Kg7 44. Rd8 Rh4 45. h8=Q+ Rxh8 46. Rxd4 Rf8 47. Rf4 f5 48. Ra4 Kf6 49. Kf2 Kg5 50. Kg3 Re8 51.
Kf3 Rb8 52. Kf2 Rb3 53. Kg2 Re3 54. Kf2 f4 55. Ra5+ Kg4 56. Ra8 Rf3+ 57. Kg1 Rg3+ 58.
Kf2 Ra3 59. Rxa3 1-0

[Event "Live Chess"]
[Site "Chess.com"]
[Date "2023.05.21"]
[Round "-"]
[White "LodeshChess"]
[Black "SupremeTactician"]
[Result "0-1"]
[WhiteElo "1136"]
[BlackElo "2342"]
[TimeControl "300"]
[EndTime "16:51:05 PDT"]
[Termination "SupremeTactician won by resignation"]

1. e4 e5 2. Nf3 Nc6 3. c3 Bc5 4. d4 exd4 5. cxd4 Bb4+ 6. Nc3 d5 7. e5 Bg4 8. Be2 Nge7 9. O-O O-O 10. a3 Bxc3 11. bxc3 Bxf3 12. Bxf3 Ng6 13. Qb3 Nge7 14. Qxb7 Rb8 15. Qa6 Rb6 16. Qd3 Na5 17. Bg5 Qd7 18.
Bxe7 Qxe7 19. Rab1 Nc4 20. Rxb6 Nxb6 21. Qb5 Qxa3 22.
Bxd5 Nxd5 23. Qxd5 Qxc3 24. Rb1 a5 25. h3 a4 26. e6 fxe6 27. Qxe6+ Kh8 28. d5 a3 29. Ra1 Qxa1+ 0-1

[Event "Live Chess"]
[Site "Chess.com"]
[Date "2023.05.21"]
[Round "-"]
[White "Conradical12"]
[Black "jimwad"]
[Result "1-0"]
[WhiteElo "1583"]
[BlackElo "1207"]
[TimeControl "300"]
[EndTime "16:51:06 PDT"]
[Termination "Conradical12 won by resignation"]

1. e4 e5 2. Nf3 Nc6 3. Bc4 Bc5 4. b4 Bxb4 5. c3 Bc5 6. Qb3 Nh6 7. d4 exd4 8. Bxh6 O-O 9. Bxg7 Kxg7 10. O-O dxc3 11.
Nxc3 Ne5 12. Nxe5 1-0

[Event "Live Chess"]
[Site "Chess.com"]
[Date "2023.05.21"]
[Round "-"]
[White "GMHarry-youtube"]
[Black "ExIsambard"]
[Result "1-0"]
[WhiteElo "2022"]
[BlackElo "1924"]
[TimeControl "300"]
[EndTime "16:51:20 PDT"]
[Termination "GMHarry-youtube won by resignation"]

1. e4 Nc6 2. Nf3 d5 3. exd5 Qxd5 4. Nc3 Qh5 5. d4 Bg4 6. Bb5 O-O-O 7. Be3 Ne5 8. Be2 Nf6 9. Nxe5 Bxe2 10. Qxe2 Qxe2+ 11. Kxe2 1-0

[Event "Live Chess"]
[Site "Chess.com"]
[Date "2023.05.21"]
[Round "-"]
[White "DerbyKnight"]
[Black "toog"]
[Result "0-1"]
[WhiteElo "1550"]
[BlackElo "2582"]
[TimeControl "300"]
[EndTime "16:51:23 PDT"]
[Termination "toog won by checkmate"]

1. e4 e5 2. d4 exd4 3. c3 Qe7 4.
Bd3 Nc6 5. Nf3 dxc3 6. Nxc3 Nf6 7. O-O d6 8. Nd5 Nxd5 9. exd5 Ne5 10. Nxe5 dxe5 11.
Be3 g6 12. Rc1 b6 13. Re1 Bg7 14. f4 O-O 15. f5 Re8 16. Bb5 Bd7 17. Bc6 Bxc6 18.
Rxc6 Rad8 19. Qf3 e4 20. Qf4 Be5 21. Qg4 Rd6 22. Bg5 Qd7 23. fxg6 Qxg4 24. gxf7+ Kxf7 25. Rf1+ Kg8 26. Rxc7 Rg6 27. Rff7 Bd4+ 28. Kf1 Qd1# 0-1

[Event "Live Chess"]
[Site "Chess.com"]
[Date "2023.05.21"]
[Round "-"]
[White "Jo1ts"]
[Black "manthanit"]
[Result "0-1"]
[WhiteElo "789"]
[BlackElo "1044"]
[TimeControl "300"]
[EndTime "16:51:24 PDT"]
[Termination "manthanit won by resignation"]

1. d4 e6 2. Bf4 d5 3. Nf3 a6 4. e3 c5 5. Nbd2 Qb6 6. b3 cxd4 7.
exd4 Nc6 8. Be3 Nf6 9. Ne5 Nxd4 10. Bxd4 Qxd4 11. Nef3 Qb6 12. Bd3 Bb4 13. O-O Bc3 14.
Rb1 Bd7 15. Ne5 Bb5 16. Bxb5+ axb5 17. Ndf3 Qc7 18. Qd3 Bxe5 0-1

[Event "Live Chess"]
[Site "Chess.com"]
[Date "2023.05.21"]
[Round "-"]
[White "educatedlad"]
[Black "Doge_Dandolo"]
[Result "1-0"]
[WhiteElo "1630"]
[BlackElo "1979"]
[TimeControl "300"]
[EndTime "16:51:34 PDT"]
[Termination "educatedlad won by checkmate"]

1. e4 c6 2. d4 d5 3. e5 Bf5 4. h4 h5 5. Bd3 Bxd3 6. Qxd3 Qa5+ 7. Nd2 e6 8. c4 Ne7 9. b3 dxc4 10. Qxc4 Nd5 11.
Nf3 Bb4 12. O-O Nd7 13. a3 Be7 14. b4 Qc7 15. Ne4 N7b6 16. Qb3 O-O 17. Nfg5 Rfd8 18.
Qf3 Bf8 19. Qxh5 f5 20. Qh7# 1-0

[Event "Live Chess"]
[Site "Chess.com"]
[Date "2023.05.21"]
[Round "-"]
[White "peter-785"]
[Black "LutherSullivan"]
[Result "0-1"]
[WhiteElo "1166"]
[BlackElo "2137"]
[TimeControl "300"]
[EndTime "16:51:36 PDT"]
[Termination "LutherSullivan won by checkmate"]

1. e4 c5 2. Nf3 Nc6 3. Bc4 g6 4. d4 cxd4 5. Nxd4 Bg7 6. Nxc6 bxc6 7. c3 e6 8. O-O d5 9. exd5 cxd5 10. Bb5+ Bd7 11.
Qa4 Ne7 12. Bxd7+ Qxd7 13. Qxd7+ Kxd7 14. Nd2 a5 15. Nf3 Nc6 16. Be3 a4 17. a3 Rab8 18. Ra2 Rb5 19. Bd4 Nxd4 20. Nxd4 Bxd4 21. cxd4 Rc8 22.
Rb1 Rc2 23. h3 Rb3 24. Kf1 Rd3 25. Raa1 Rdd2 26. b4 Rxf2+ 27. Ke1 Rxg2 28. b5 Rg1# 0-1

[Event "Live Chess"]
[Site "Chess.com"]
[Date "2023.05.21"]
[Round "-"]
[White "blowerd"]
[Black "KGreenGator"]
[Result "0-1"]
[WhiteElo "1383"]
[BlackElo "1771"]
[TimeControl "300"]
[EndTime "16:51:37 PDT"]
[Termination "KGreenGator won on time"]

1. e4 c5 2. Nf3 Nc6 3. Bc4 e6 4. Nc3 Nf6 5. d3 a6 6. Bg5 Be7 7. d4 cxd4 8. Nxd4 e5 9. Nxc6 bxc6 10. O-O O-O 11. Re1 Bb7 12. a3 Re8 13. Qf3 Rc8 14.
Bb3 d6 15. Rad1 c5 16. Nd5 Nxd5 17. Bxe7 Nxe7 18. Qxf7+ Kh8 19. Rd2 Rf8 20. Qe6 Qc7 21. Rxd6 Ng6 22. f3 Qa5 23. Red1 Rce8 24. Qd7 Ba8 25.
Qg4 Nf4 26. Rd7 Ng6 27. R7d6 Rf6 28. Rxf6 gxf6 29. Qd7 Re7 30. Qd8+ Qxd8 31. Rxd8+ Kg7 32. Rxa8 Nf4 33. Rg8+ Kh6 34. Rg4 Rd7 35. Rh4+ Kg6 36. c3 Ne2+ 37. Kf2 Nc1 38. Bc2 Rd2+ 0-1